 Dungeon Crawl Stone Soup version 0.27-a0-906-g0a00ce863d (webtiles) character file.

Game seed: 15791541471661351859

5440 rjrrt the Cleaver (level 10, -7/126 HPs)
             Began as a Minotaur Berserker on Apr 8, 2021.
             Was an Elder of Trog.
             Mangled by a hornet (11 damage)
             ... on level 8 of the Dungeon.
             The game lasted 00:14:13 (8709 turns).

rjrrt the Cleaver (Minotaur Berserker)              Turns: 8709, Time: 00:14:13

Health: -7/126     AC: 17    Str: 25    XL:     10   Next: 41%
Magic:  9/9        EV:  9    Int:  4    God:    Trog [****..]
Gold:   343        SH:  0    Dex: 10    Spells: 9/9 levels left

rFire    . . .     SeeInvis .   a - +0 war axe
rCold    . . .     Faith    .   (no shield)
rNeg     . . .     Spirit   .   l - +0 plate armour
rPois    .         Reflect  .   (helmet restricted)
rElec    .         Harm     .   g - +1 cloak {Will+}
rCorr    .         Rampage  .   v - +0 pair of gloves
Will     +....                  (no boots)
Stlth    ..........             (no amulet)
HPRegen  0.31/turn              (no ring)
MPRegen  0.11/turn              (no ring)

@: berserking, lethally poisoned (-7 -> -10), very quick
A: horns 2, retaliatory headbutt
a: Renounce Religion, Berserk, Trog's Hand, Brothers in Arms


You were on level 8 of the Dungeon.
You worshipped Trog.
Trog was greatly pleased with you.
You visited 1 branch of the dungeon, and saw 8 of its levels.

You collected 408 gold pieces.
You spent 65 gold pieces at shops.

Inventory:

Hand Weapons
 a - a +0 war axe (weapon)
 r - a +0 whip of electrocution
 u - a +0 glaive
Missiles
 j - 3 javelins (quivered)
Armour
 g - a +1 cloak of willpower (worn)
 l - a +0 plate armour (worn)
 v - a +0 pair of gloves (worn)
Wands
 s - a wand of digging (2)
 x - a wand of flame (17)
Scrolls
 e - 3 scrolls of teleportation
 f - 2 scrolls of fog
 m - a scroll of fear
 o - a scroll of enchant weapon
Potions
 b - 2 potions of attraction
 c - 2 potions of flight
 d - 3 potions of might
 h - 3 potions of heal wounds
 i - 3 potions of lignification {unknown}
 k - a potion of ambrosia {unknown}
 n - 2 potions of degeneration {unknown}
 p - 2 potions of brilliance {unknown}
 q - a potion of haste {unknown}
 t - 2 potions of magic {unknown}
 w - 2 potions of mutation


   Skills:
 + Level 6.8 Fighting
 * Level 13.3 Axes
 + Level 8.9 Armour
 + Level 5.6 Dodging
 + Level 4.0 Evocations


You had 9 spell levels left.
You didn't know any spells.
Your spell library was empty.

Dungeon Overview and Level Annotations

Branches:
Dungeon (8/15)             Temple (0/1) D:5
   Lair: D:8-11

Altars:
Dithmenos
Okawaru
Vehumet
Xom

Shops:
D:1 (*?[   D:3 [**(


Innate Abilities, Weirdness & Mutations

You have a pair of horns on your head.
You reflexively headbutt those who attack you in melee.


Message History

The wyvern is almost dead.
You closely miss the hornet. You miss something. The hornet stings you!
You are poisoned.
You feel yourself slow down.
The wyvern bites you but does no damage.
Unknown command.
You slash the hornet! Your headbutt misses the hornet.
The hornet is moderately wounded.
You miss something. You hit the yak. You hit the wyvern.
You feel sick. The hornet stings you!
You suddenly lose the ability to move!
Something hits you but does no damage. The wyvern bites you. The yak gores you!
You feel yourself speed up.
You feel sick. The hornet stings you!
* * * LOW HITPOINT WARNING * * *
You feel yourself slow down. The wyvern bites you!
* * * LOW HITPOINT WARNING * * *
Something hits you but does no damage.
The hornet stings you but does no damage.
The yak gores you.
* * * LOW HITPOINT WARNING * * *
You feel sick.
The wyvern bites you but does no damage.
The hornet stings you but does no damage.
Something hits you but does no damage. The wyvern bites you!
* * * LOW HITPOINT WARNING * * *
The yak completely misses you.
You feel yourself speed up.
You feel sick.
The hornet stings you but does no damage.
The wyvern bites you but does no damage.
Something hits you but does no damage.
The hornet stings you but does no damage.
The yak gores you but does no damage.
You can move again.
You slash the hornet!
The hornet is severely wounded.
You slash something! You hit the yak but do no damage.
You closely miss the wyvern.
You feel sick. The wyvern barely misses you. The hornet stings you!
You die...

#... .# #..# Y. # #..#
.#.. #.. .Z.. #.##lo
##### ##.#J####...####
#######Yl.##.........###
....$..@y......#........
##.##.##c####...........
# ..... #####......#
#.##.##.# ###...## #.
... .. #...# # #.. #.
#...## #..# #...## ....
#...## #.####.....


You could see a centaur warrior, a yak, a hornet, 2 wyverns, a jelly, an orc and
a howler monkey zombie.

Vanquished Creatures
  Pikel (D:8)
  A gargoyle (D:6)
  Grinder (D:6)
  Sigmund (D:6)
  A wyvern (D:8)
  7 yaks
  Edmund (D:4)
  3 water moccasins
  An orc warrior (D:7)
  2 ice beasts
  2 sky beasts
  6 ogres
  A centaur (D:6)
  A lemure (D:8)
  2 phantoms
  2 kobold brigands (D:7)
  A bullfrog (D:7)
  Blork the orc (D:5)
  4 scorpions
  2 wyvern zombies
  A bullfrog zombie (D:5)
  2 hounds (D:7)
  3 orc priests
  A gnoll shaman (D:6)
  A bullfrog skeleton (D:6)
  Crazy Yiuf (D:2)
  A centaur skeleton (D:5)
  Jessica (D:2)
  3 iguanas
  8 orc wizards
  A killer bee zombie (D:8)
  A hound zombie (D:5)
  2 howler monkey zombies (D:7)
  Robin (D:4)
  4 adders
  7 gnolls
  A shadow imp (D:5)
  A white imp (D:3)
  An ufetubus (D:5)
  An adder skeleton (D:4)
  A worm (D:3)
  2 dart slugs
  23 orcs
  2 endoplasms
  3 giant cockroaches
  14 goblins
  7 hobgoblins
  6 jackals
  5 quokkas
  8 ball pythons
  5 bats
  A frilled lizard (D:2)
  A jackal skeleton (D:4)
  28 kobolds
  5 rats
194 creatures vanquished.

Vanquished Creatures (others)
  5 bushes (D:8)
  4 fungi
  30 plants
39 creatures vanquished.

Grand Total: 233 creatures vanquished

Notes
Turn   | Place    | Note
-------+----------+-------------------------------------------
     0 | D:1      | rjrrt the Minotaur Berserker began the quest for the Orb.
     0 | D:1      | Reached XP level 1. HP: 19/19 MP: 0/0
    33 | D:1      | Found Tuihaaqi's Antique Weapon Emporium.
   185 | D:1      | Reached skill level 4 in Axes
   310 | D:1      | Found a faded altar of an unknown god.
   323 | D:1      | Found Edest's Magic Scroll Emporium.
   349 | D:1      | Found Tajuggua's Assorted Antiques.
   356 | D:1      | Reached XP level 2. HP: 26/26 MP: 1/1
   375 | D:1      | Found Nykeok's Antique Armour Shop.
  1005 | D:2      | Found a runed translucent door.
  1006 | D:2      | Noticed Crazy Yiuf
  1012 | D:2      | Killed Crazy Yiuf
  1013 | D:2      | Reached skill level 5 in Axes
  1013 | D:2      | Reached XP level 3. HP: 31/31 MP: 2/2
  1120 | D:2      | Reached ** piety under Trog
  1239 | D:2      | Noticed Jessica
  1251 | D:2      | Reached skill level 6 in Axes
  1251 | D:2      | Reached XP level 4. HP: 39/39 MP: 3/3
  1264 | D:2      | Killed Jessica
  1409 | D:2      | Identified Jessica's Handbook of the Traveller
  1592 | D:2      | Found a radiant altar of Vehumet.
  1863 | D:3      | Noticed an ice beast
  1864 | D:3      | Found Imohy's Antique Weapon Boutique.
  1874 | D:3      | Killed an ice beast
  1875 | D:3      | Reached skill level 7 in Axes
  1875 | D:3      | Reached XP level 5. HP: 45/45 MP: 4/4
  1960 | D:3      | Found Tocom's General Store.
  1973 | D:3      | Bought a potion of heal wounds for 65 gold pieces
  2046 | D:3      | Reached XP level 6. HP: 47/51 MP: 5/5
  2329 | D:3      | Found Jedoh's Assorted Antiques.
  2588 | D:3      | Found a shadowy altar of Dithmenos.
  2601 | D:3      | Reached *** piety under Trog
  2607 | D:3      | Found Woabor's Antique Armour Shop.
  3322 | D:4      | Reached skill level 8 in Axes
  3544 | D:4      | Noticed Robin
  3566 | D:4      | Killed Robin
  4167 | D:4      | Noticed Edmund
  4176 | D:4      | Killed Edmund
  4177 | D:4      | Reached XP level 7. HP: 57/57 MP: 6/6
  4339 | D:5      | Entered Level 5 of the Dungeon
  4350 | D:5      | Reached skill level 9 in Axes
  4350 | D:5      | Reached skill level 5 in Armour
  4529 | D:5      | Found a staircase to the Ecumenical Temple.
  4566 | D:5      | Reached skill level 10 in Axes
  4612 | D:5      | Reached XP level 8. HP: 53/64 MP: 7/7
  4730 | D:5      | Noticed Blork the orc
  4743 | D:5      | Killed Blork the orc
  4979 | D:5      | Found a shimmering altar of Xom.
  5042 | D:5      | Reached skill level 11 in Axes
  5518 | D:6      | Reached **** piety under Trog
  5568 | D:6      | Noticed Sigmund
  5578 | D:6      | Killed Sigmund
  5613 | D:6      | Reached skill level 1 in Evocations
  5763 | D:6      | Reached XP level 9. HP: 49/72 MP: 8/8
  5770 | D:6      | Reached skill level 5 in Fighting
  5770 | D:6      | Reached skill level 12 in Axes
  6060 | D:6      | Noticed Grinder
  6060 | D:6      | Noticed a gargoyle
  6102 | D:6      | Killed Grinder
  6107 | D:6      | Killed a gargoyle
  6402 | D:6      | Found a radiant altar of Vehumet.
  7165 | D:7      | Reached XP level 10. HP: 77/83 MP: 9/9
  7231 | D:7      | Reached skill level 5 in Dodging
  8053 | D:8      | Found an iron altar of Okawaru.
  8062 | D:8      | Noticed Pikel
  8087 | D:8      | Killed Pikel
  8088 | D:8      | Reached skill level 13 in Axes
  8702 | D:8      | Noticed a centaur warrior
  8705 | D:8      | Paralysed by a hornet for 3 turns
  8707 | D:8      | HP: 5/126 [wyvern (9)]
  8709 | D:8      | Mangled by a hornet

Illustrated notes

Levels and vault maps discovered:
D:1:      ebering_hopf_link, layout_basic, serial_shops, shop_statue, shop,
          shop, nicolae_shop_behind_doors, ebering_ecumenical_altar_box
D:2:      layout_basic, basic_altar, kennysheep_jessica_study,
          uniq_crazy_yiuf_cottage
D:3:      layout_rooms, nicolae_overflow_hidden_temple, serial_shops, shop,
          nicolae_shop_statue_plus, nicolae_shop_statue_plus, shop,
          serial_rivers, chequers_serial_rivers_micro_e,
          chequers_serial_rivers_large_a, chequers_serial_rivers_small_3,
          chequers_serial_rivers_large_b, chequers_serial_rivers_micro_c,
          chequers_serial_rivers_room_a
D:4:      layout_loops_corners, amcnicky_mini_rare_corridor_liquid,
          due_unseen_surprise, uniq_edmund, uniq_robin
D:5:      layout_basic, overflow_temple_1_default, minmay_temple_entry_slanted,
          nrook_campfire, uniq_blork_the_orc
D:6:      layout_basic, lemuel_round_altar, kennysheep_windowed_goal,
          uniq_grinder, uniq_sigmund
D:7:      kennysheep_kobold_camp, layout_basic, st_stairs_8, feat_on_display
D:8:      layout_loops_cross, okawaru_trees_1, minmay_lair_entry_grove,
          moated_statue, minmay_pinched_square, uniq_joseph, uniq_pikel

Skill      XL: |  1  2  3  4  5  6  7  8  9 10 |
---------------+-------------------------------+-----
Axes           | 4 5 6 7 8 10 11 12 13 | 13.3
Armour         | 3 4 6 7 8 |  8.9
Fighting       | 4 6 |  6.8
Evocations     | 1 3 4 |  4.0
Dodging        | 3 4 5 |  5.6

Action                   |  1- 3 |  4- 6 |  7- 9 | 10-12 || total
-------------------------+-------+-------+-------+-------++-------
Melee: Hand axe          |    60 |   172 |   213 |       ||   445
       Headbutt          |     3 |    31 |    50 |    22 ||   106
       War axe           |       |       |    22 |   121 ||   143
Throw: Dart              |       |     4 |    10 |       ||    14
Invok: Berserk           |     2 |     4 |     7 |     2 ||    15
Evoke: Wand              |       |       |     1 |       ||     1
  Use: Scroll            |       |       |    14 |       ||    14
 Stab: Sleeping          |     1 |       |       |       ||     1
Armor: Animal skin       |    20 |       |       |       ||    20
       Plate armour      |       |   118 |    86 |    73 ||   277
Dodge: Dodged            |    35 |    41 |    59 |    39 ||   174
Block: Kite shield       |       |     9 |       |       ||     9

Table legend: (Time is in decaauts)
 A = Elapsed time spent in this place.
 B = Non-inter-level travel time spent in this place.
 C = Inter-level travel time spent in this place.
 D = Time resting spent in this place.
 E = Time spent auto-exploring this place.
 F = Levels seen in this place.
 G = Mean time per level.
                   A        B        C        D        E       F      G
               +--------+--------+--------+--------+--------+-----+--------+
         Total |   8850 |   8651 |    199 |   1217 |   5848 |   8 | 1106.2 |
       Dungeon |   8850 |   8651 |    199 |   1217 |   5848 |   8 | 1106.2 |
               +--------+--------+--------+--------+--------+-----+--------+

Top non-repeatable levels by time:
     D:3: 1364 daAuts
     D:7: 1308 daAuts
     D:6: 1306 daAuts
     D:4: 1246 daAuts
     D:2: 1102 daAuts
     D:5: 998 daAuts
     D:1: 848 daAuts
     D:8: 674 daAuts
